 Dungeon Crawl Stone Soup version 0.30-b1-2-g02819fbbbe (webtiles) character file.

Game seed: 13800281264858330694

807 nightchill the Ruffian (level 7, -10/71 HPs)
             Began as a Troll Fighter on Jan 14, 2024.
             Was a Follower of Qazlal.
             Mangled by an ice beast (14 damage)
             ... on level 5 of the Dungeon.
             The game lasted 00:05:33 (3479 turns).

nightchill the Ruffian (Troll Fighter)              Turns: 3479, Time: 00:05:34

Health: -10/71     AC:  5    Str: 27    XL:     7   Next: 60%
Magic:  6/6        EV:  9    Int:  4    God:    Qazlal [*.....]
Gold:   265        SH:  9    Dex:  9    Spells: 6/6 levels left

rFire   . .          .
                       - Unarmed
rCold   . . .        b - +0 kite shield
rNeg    . . .        a - +0 robe
rPois   .            (helmet restricted)
rElec   .            p - +0 cloak
rCorr   .            (gloves unavailable)
SInv    .            (boots unavailable)
Will    .....        (no amulet)
Stlth   +            (no ring)
HPRegen 1.11/turn    (no ring)
MPRegen 0.10/turn

%: no passive effects
@: no status effects
A: large, unfitting armour, claws 3, regeneration 1, shaggy fur 1, tough skin 1
a: Renounce Religion


You were on level 5 of the Dungeon.
You worshipped Qazlal.
Qazlal was aware of your devotion.
You visited 1 branch of the dungeon, and saw 6 of its levels.

You collected 265 gold pieces.

Inventory:

Missiles
 s - 5 boomerangs of dispersal (quivered)
 t - a throwing net
Armour
 a - a +0 robe (worn)
 b - a +0 kite shield (worn)
 p - a +0 cloak (worn)
Jewellery
 m - a ring of resist corrosion
Scrolls
 e - 2 scrolls of amnesia {unknown}
 f - 5 scrolls of identify {unknown}
 g - 2 scrolls of noise {unknown}
 i - a scroll of brand weapon {unknown}
 j - 2 scrolls of blinking {unknown}
 l - a scroll of immolation {unknown}
 n - 4 scrolls of teleportation {unknown}
 q - a scroll of enchant armour {unknown}
 r - 2 scrolls of vulnerability {unknown}
 v - a scroll of fear {unknown}
Potions
 c - 3 potions of might
 d - 2 potions of mutation {unknown}
 h - 2 potions of flight {unknown}
 k - 2 potions of curing
 o - 2 potions of heal wounds {unknown}
 u - a potion of invisibility {unknown}


   Skills:
 + Level 4.7 Fighting
 - Level 2.4 Dodging
 - Level 2.6 Shields
 * Level 7.3 Unarmed Combat


You had 6 spell levels left.
You didn't know any spells.
Your spell library contained the following spells:

 Spells                   Type           Power      Damage    Failure   Level
 Freeze                   Ice            0%         1d3       75%         1
 Sandblast                Erth           0%         2d4       75%         1
 Lesser Beckoning         Tloc           0%         N/A       87%         2
 Passwall                 Tmut/Erth      0%         N/A       87%         2
 Frozen Ramparts          Ice            0%         1d1       98%         3
 Gell's Gravitas          Tloc           0%         N/A       98%         3
 Hailstorm                Conj/Ice       0%         3d3       98%         3
 Stone Arrow              Conj/Erth      0%         3d7       98%         3
 Teleport Other           Tloc           0%         N/A       98%         3


Dungeon Overview and Level Annotations

Branches:
Dungeon (6/15)
 Temple: D:4-7

Altars:
Okawaru
Qazlal
Wu Jian
Xom


Innate Abilities, Weirdness & Mutations

You are too large for most types of armour.
You have claws for hands.
Your natural rate of healing is unusually fast.
You are covered in fur. (AC +1)
You have tough skin. (AC +1)


Message History

Qazlal accepts your kill. The gnoll hits you with a +0 club.
* * * LOW HITPOINT WARNING * * *
You barely miss the gnoll bouda. The black bear completely misses you.
The black bear claws you.
* * * LOW HITPOINT WARNING * * *
You block the black bear's attack. You block the ice beast's attack.
The gnoll bouda barely misses you. The gnoll hits you with a +0 club.
* * * LOW HITPOINT WARNING * * *
You scratch the gnoll bouda.
The gnoll bouda is moderately wounded.
You block the black bear's attack.
The black bear claws you but does no damage. x2
The ice beast closely misses you.
The gnoll bouda hits you but does no damage.
The gnoll completely misses you.
You barely miss the gnoll bouda.
The gnoll bouda is moderately wounded.
You block the black bear's attack. The black bear claws you.
* * * LOW HITPOINT WARNING * * *
The black bear claws you.
* * * LOW HITPOINT WARNING * * *
The ice beast closely misses you.
The gnoll bouda hits you with a +0 club.
* * * LOW HITPOINT WARNING * * *
The gnoll hits you with a +0 club.
* * * LOW HITPOINT WARNING * * *
You closely miss the gnoll bouda.
The gnoll bouda is moderately wounded.
Your attacks no longer feel as feeble.
The black bear bites you but does no damage.
The black bear closely misses you. You block the black bear's attack.
The ice beast hits you but does no damage.
You block the gnoll bouda's attack.
You claw the gnoll bouda!
The gnoll bouda is severely wounded.
You block the gnoll's attack. The ice beast hits you.
* * * LOW HITPOINT WARNING * * *
The ice beast freezes you!
You die...

...................##..##
........##....#.........#
..............##.....#.##
........##..#####..###.#
.....[..##..####...#...#
........#.....####.....#
........#......###.....##
............#..hg.......#
..##....#...#..Y@)......#
..##<...###....g##.######
#####...# ##....##.# #
#>.## #...##### # ##.#
#...# ## ### ##### .# .#
##


You could see a black bear, an ice beast, a gnoll bouda and a gnoll (swift).

Vanquished Creatures
  A black bear (D:5)
  2 ogres
  A phantom (D:4)
  A scorpion (D:5)
  A quasit (D:4)
  An orc priest (D:5)
  A jelly (D:4)
  An iguana (D:4)
  An orc wizard (D:4)
  10 gnolls
  6 adders
  A shadow imp (D:5)
  3 white imps (D:4)
  2 ufetubi (D:4)
  4 worms
  10 orcs
  5 ball pythons
  5 bats
  7 endoplasms
  2 giant cockroaches
  2 goblins
  3 hobgoblins
  4 jackals (D:4)
  9 quokkas
  3 frilled lizards
  4 kobolds
  5 rats
95 creatures vanquished.

Notes
Turn   | Place    | Note
-------+----------+-------------------------------------------
     0 | D:1      | nightchill the Troll Fighter began the quest for the Orb.
     0 | D:1      | Reached XP level 1. HP: 22/22 MP: 0/0
    70 | D:1      | Found a faded altar of an unknown god.
   185 | D:1      | Reached XP level 2. HP: 25/29 MP: 1/1
   663 | D:2      | Reached skill level 3 in Unarmed Combat
   863 | D:2      | Reached XP level 3. HP: 33/36 MP: 2/2
  1391 | D:3      | Found a stormy altar of Qazlal.
  1427 | D:3      | Became a worshipper of Qazlal Stormbringer
  1888 | D:3      | Found a shimmering altar of Xom.
  2163 | D:4      | Reached XP level 4. HP: 44/45 MP: 3/3
  2176 | D:4      | Reached skill level 4 in Unarmed Combat
  2261 | D:4      | Reached XP level 5. HP: 39/53 MP: 4/4
  2398 | D:4      | Noticed an ogre
  2408 | D:4      | Killed an ogre
  2409 | D:4      | Reached skill level 5 in Unarmed Combat
  2500 | D:4      | Reached XP level 6. HP: 62/62 MP: 5/5
  2540 | D:4      | Reached * piety under Qazlal
  2833 | D:4      | Reached skill level 6 in Unarmed Combat
  2929 | D:5      | Entered Level 5 of the Dungeon
  2948 | D:5      | Reached XP level 7. HP: 58/71 MP: 6/6
  3079 | D:5      | Reached skill level 7 in Unarmed Combat
  3121 | D:5      | Found an iron altar of Okawaru.
  3254 | D:5      | Found an ornate altar of the Wu Jian Council.
  3477 | D:5      | HP: 3/71 [gnoll/+0 club (5)]
  3479 | D:5      | Mangled by an ice beast

Illustrated notes

Levels and vault maps discovered:
D:1:      dpeg_arrival_round_b, layout_basic, nicolae_ecumenical_snake_handling
D:2:      layout_basic
D:3:      layout_basic, nicolae_overflow_hidden_temple, grunt_qazlal_clouds,
          mainiacjoe_overflow_boulevard, minmay_cupped
D:4:      layout_loops_ring, serial_demonic, serial_demonic_g, serial_demonic_b,
          serial_demonic_d, serial_demonic_b, chequers_serial_rivers_small_3
D:5:      layout_cave_pools, mainiacjoe_overflow_catwalk_spiral
D:6:      layout_rooms, mainiacjoe_overflow_cross_hatched,
          mainiacjoe_overflow_brackets, cheibrodos_sewer_entry_bend,
          biasface_ghost_orc_armoury

Skill      XL: |  1  2  3  4  5  6  7 |
---------------+----------------------+-----
Unarmed Combat | 3 4 5 6 7 |  7.3
Fighting       | 3 4 |  4.7
Dodging        | |  2.4
Shields        | |  2.6

Action                     |  1- 3 |  4- 6 |  7- 9 || total
---------------------------+-------+-------+-------++-------
  Melee: Unarmed           |   120 |   120 |    41 ||   281
    Use: Potion            |       |     1 |       ||     1
 Armour: Robe              |    31 |    61 |    15 ||   107
  Dodge: Dodged            |    35 |    84 |    24 ||   143
  Block: Kite shield       |    41 |    79 |    32 ||   152
